Map: [ESL] Cosmic Sapphire

Players

Elazer - Winner!

  • Race: Zerg Zerg
  • Spawn Location: 11:00

NightPhoenix

  • Race: Protoss Protoss
  • Spawn Location: 5:00

Event: DreamHack SC2 Masters 2022 Valencia

VOD

Have the link to the VOD?

Description

Time

  • Played on: July 1, 2022, 10:29 a.m.
  • Length: 10:01

All games in this series

Show
View Real Time Build Order
Export as new Build Order

Elazer Zerg - Winner!

Build Orders: Hatch First 

Get SALT Encoding   

  12  0:00  Drone  
  13  0:12  Overlord  
  13  0:17  Drone  
  14  0:30  Drone  
  14  0:32  Drone  
  16  0:48  Hatchery  
  15  0:51  Drone  
  15  0:54  Drone  
  17  0:58  Drone  
  18  1:09  Extractor  
  17  1:14  Spawning Pool  
  17  1:16  Drone  
  17  1:19  Drone  
  18  1:28  Drone  
  19  1:39  Drone  
  20  1:51  Drone  
  21  2:00  Queen x2  
  25  2:01  Zergling x2  
  25  2:02  Overlord  
  26  2:11  Drone  
  26  2:12  Metabolic Boost, Drone  
  28  2:21  Drone  
  28  2:22  Drone  
  30  2:35  Hatchery  
  29  2:39  Queen  
  29  2:43  Drone  
  29  2:44  Drone  
  33  2:48  Overlord  
  34  2:51  Drone  
  34  2:57  Zergling x4  
  36  3:06  Overlord, Queen  
  36  3:09  Drone x2  
  40  3:13  Drone x2  
  40  3:18  Queen  
  44  3:29  Drone  
  44  3:31  Drone x3  
  48  3:35  Spore Crawler  
  48  3:39  Overlord, Drone  
  48  3:42  Drone x3  
  48  3:46  Queen  
  53  3:50  Drone x3  
  53  3:54  Queen  
  58  4:01  Overlord x2  
  58  4:04  Drone  
  59  4:10  Drone x3  
  59  4:12  Drone x3  
  65  4:17  Overlord  
  65  4:21  Drone x4  
  69  4:24  Queen  
  69  4:27  Drone x2  
  73  4:33  Roach Warren  
  73  4:35  Overlord, Extractor  
  73  4:36  Extractor  
  70  4:39  Drone x3  
  70  4:45  Zergling x8  
  76  4:49  Drone x3  
  76  4:51  Lair  
  76  4:52  Overlord  
  80  4:59  Drone x5  
  85  5:01  Drone x2  
  85  5:06  Drone x2  
  85  5:07  Drone  
  90  5:18  Hatchery  
  90  5:20  Extractor x2, Evolution Chamber, Overlord  
  86  5:23  Drone x6  
  86  5:28  Overlord  
  91  5:30  Overlord  
  91  5:35  Overlord  
  91  5:36  Overlord  
  91  5:38  Queen  
  91  5:41  Overlord  
  93  5:43  Spore Crawler, Queen  
  93  5:44  Spore Crawler  
  93  5:46  Zerg Missile Weapons Level 1  
  93  5:48  Zergling x6  
  96  5:56  Overlord  
  96  5:58  Drone  
  96  5:59  Spore Crawler  
  96  6:00  Overlord  
  96  6:03  Drone x5  
  104  6:04  Drone x3  
  104  6:08  Overlord  
  104  6:10  Overseer  
  103  6:17  Drone x2  
  103  6:18  Drone x4, Hydralisk Den  
  109  6:19  Extractor  
  109  6:24  Queen x2  
  111  6:29  Roach x4  
  119  6:36  Roach x4  
  126  6:44  Overlord  
  126  6:45  Zergling x14  
  133  6:49  Ravager x4  
  133  6:53  Grooved Spines  
  137  6:55  Overlord x3  
  137  6:56  Overlord  
  137  7:03  Hydralisk x3  
  142  7:18  Hydralisk x10  
  161  7:25  Overlord  
  161  7:36  Hatchery  
  160  7:38  Hydralisk x4  
  160  7:43  Overlord  
  160  7:44  Overlord x2  
  163  7:55  Drone x7, Overlord  
  163  7:56  Infestation Pit  
  163  7:58  Extractor  
  166  8:04  Muscular Augments  
  166  8:05  Drone x3  
  169  8:06  Hydralisk x6  
  169  8:10  Overlord x2  
  176  8:21  Overlord  
  176  8:25  Roach x7  
  190  8:32  Pneumatized Carapace, Overseer  
  190  8:33  Overlord  
  190  8:35  Hive  
  190  8:39  Spore Crawler, Extractor, Lurker Den  
  190  8:41  Spine Crawler  
  186  8:42  Glial Reconstitution  
  186  8:45  Zergling x18  
  188  9:12  Hydralisk x6  
  190  9:21  Hydralisk x2  
  190  9:22  Hydralisk x6  
  190  9:23  Zergling x22  
  198  9:29  Overlord  
  198  9:30  Evolution Chamber  
  191  9:36  Hydralisk  
  191  9:37  Hydralisk x4  
Show
View Real Time Build Order
Export as new Build Order

NightPhoenix Protoss 

Build Orders: 1 Gate Expand, Oracle Opening, Phoenix Opening 

Get SALT Encoding   

  12  0:00  Probe  
  13  0:12  Probe  
  14  0:20  Pylon  
  14  0:24  Probe  
  15  0:38  Probe (Chrono Boost)  
  15  0:40  Gateway  
  16  0:47  Assimilator  
  17  0:50  Probe (Chrono Boost)  
  17  0:55  Probe (Chrono Boost)  
  18  1:05  Probe  
  19  1:17  Probe  
  20  1:24  Nexus  
  20  1:34  Cybernetics Core  
  20  1:37  Probe  
  21  1:45  Assimilator  
  21  1:49  Probe  
  21  1:52  Pylon  
  22  2:01  Probe  
  23  2:09  Adept (Chrono Boost)  
  23  2:13  Probe  
  26  2:17  Stargate  
  26  2:24  Warp Gate  
  26  2:25  Probe  
  26  2:26  Adept (Chrono Boost)  
  27  2:36  Probe (Chrono Boost)  
  30  2:43  Probe (Chrono Boost)  
  31  2:47  Probe (Chrono Boost)  
  33  2:51  Probe (Chrono Boost)  
  33  2:52  Probe (Chrono Boost), Adept  
  36  3:02  Probe  
  36  3:03  Oracle (Chrono Boost), Probe  
  41  3:11  Pylon  
  41  3:14  Probe  
  41  3:15  Probe  
  41  3:17  Assimilator  
  43  3:21  Assimilator  
  43  3:26  Probe  
  44  3:27  Probe  
  45  3:37  Phoenix (Chrono Boost)  
  45  3:38  Probe  
  45  3:39  Pylon, Probe  
  49  3:50  Probe  
  49  3:51  Probe  
  49  3:55  Phoenix  
  53  3:56  Twilight Council  
  53  3:57  Pylon  
  53  4:02  Probe  
  53  4:03  Probe  
  55  4:11  Pylon  
  55  4:15  Probe x2  
  57  4:22  Nexus  
  57  4:26  Phoenix  
  57  4:28  Probe  
  60  4:41  Probe x2  
  60  4:43  Blink (Chrono Boost)  
  62  4:47  Stargate  
  62  4:51  Phoenix  
  64  4:53  Probe x2  
  66  5:00  Gateway  
  66  5:02  Gateway  
  66  5:05  Probe x2  
  68  5:07  Gateway  
  68  5:16  Phoenix (Chrono Boost)  
  68  5:18  Probe x2  
  72  5:29  Stalker  
  72  5:30  Probe x2  
  72  5:31  Shield Battery  
  72  5:33  Protoss Air Weapons Level 1 (Chrono Boost)  
  72  5:35  Probe  
  77  5:38  Phoenix  
  77  5:42  Probe x2  
  81  5:44  Shield Battery  
  81  5:45  Phoenix  
  81  5:49  Probe  
  84  5:54  Probe  
  85  6:03  Phoenix  
  87  6:05  Stalker x2  
  87  6:06  Stalker  
  87  6:10  Pylon x2  
  93  6:11  Pylon  
  93  6:27  Pylon, Phoenix  
  93  6:28  Phoenix  
  93  6:29  Stalker x4  
  105  6:37  Probe x2  
  105  6:38  Probe  
  108  6:43  Assimilator  
  108  6:44  Pylon, Assimilator  
  108  6:49  Probe  
  107  6:56  Stalker x3  
  107  6:57  Stalker, Probe  
  107  6:58  Probe  
  117  7:01  Probe  
  117  7:03  Phoenix (Chrono Boost)  
  118  7:19  Probe x3, Phoenix (Chrono Boost)  
  123  7:28  Fleet Beacon  
  123  7:31  Probe x3  
  123  7:32  Phoenix (Chrono Boost)  
  123  7:34  Shield Battery  
  123  7:35  Phoenix, Shield Battery  
  128  7:37  Shield Battery  
  128  7:43  Probe x3  
  130  7:55  Probe x2  
  130  7:58  Probe  
  133  8:05  Pylon x2  
  133  8:06  Nexus, Pylon  
  133  8:07  Pylon  
  133  8:08  Pylon  
  133  8:10  Probe  
  133  8:23  Probe, Carrier (Chrono Boost)  
  133  8:25  Carrier (Chrono Boost)  
  133  8:26  Pylon  
  146  8:27  Pylon  
  146  8:33  Stalker x3  
  146  8:34  Stalker  
  146  8:41  Shield Battery  
  148  8:43  Probe x3, Shield Battery x2  
  148  8:45  Shield Battery  
  143  9:10  Stalker x3  
  143  9:11  Stalker  
  131  9:30  Probe x3  
  128  9:34  Stalker x3  
  117  9:45  Probe x2  
  117  9:46  Probe  
  117  9:52  Stalker  

Tags
 
Add a new tag
Caveats
  • Supply blocks, unpowered buildings, or Contaminate may cause inaccurate times.
  • Supply counts are checked every 10 seconds.